 Dungeon Crawl Stone Soup version 0.27-a0-13-g87abb2d9eb (webtiles) character file.

Game seed: 5536857329542447736

2217 Goblin1989 the Covert (level 9, -10/45 HPs)
             Began as a Vine Stalker Brigand on Jan 3, 2021.
             Was a Believer of Uskayaw.
             Mangled by an orc warrior
             ... wielding a +0 scimitar
              (16 damage)
             ... on level 7 of the Dungeon.
             The game lasted 00:12:06 (5025 turns).

Goblin1989 the Covert (Vine Stalker Brigand)        Turns: 5025, Time: 00:12:07

Health: -10/45     AC:  7    Str: 15    XL:     9   Next: 35%
Magic:  0/13       EV: 11    Int: 11    God:    Uskayaw [**....]
Gold:   393        SH: 14    Dex: 18    Spells: 8/8 levels left

rFire    . . .     SeeInvis .   a - +2 dagger
rCold    . . .     Faith    .   A - +0 kite shield
rNeg     . . .     Spirit   +   s - +0 robe (curse)
rPois    .         Reflect  +   (no helmet)
rElec    .         Harm     .   c - +0 cloak
rCorr    .         Rampage  .   (no gloves)
Will     +....                  (no boots)
Stlth    +++++.....             y - amulet of reflection
HPRegen  0.55/turn              k - +4 ring of protection
MPRegen  0.13/turn              x - ring of stealth

@: no status effects
A: fangs 3, regeneration 1, magic shield, antimagic bite, no potion heal 3
a: Renounce Religion, Stomp, Line Pass


You were on level 7 of the Dungeon.
You worshipped Uskayaw.
Uskayaw was noncommittal.
You visited 1 branch of the dungeon, and saw 7 of its levels.

You collected 393 gold pieces.

Inventory:

Hand Weapons
 a - a +2 dagger (weapon)
 p - a +2 dagger of distortion {!w}
 J - a +0 rapier
Missiles
 d - 13 poisoned darts (quivered)
 u - 8 javelins {@Q2}
Armour
 c - a +0 cloak (worn)
 s - a cursed +0 robe (worn)
 A - a +0 kite shield (worn)
Jewellery
 g - an uncursed ring of resist corrosion
 k - a +4 ring of protection (left hand)
 r - an uncursed amulet of regeneration
 x - a ring of stealth (right hand)
 y - an amulet of reflection (around neck)
Scrolls
 j - 4 scrolls of immolation {unknown}
 l - 2 scrolls of noise {unknown}
 m - 2 scrolls of enchant weapon {unknown}
 q - 6 scrolls of fear {unknown}
 t - a scroll of blinking {unknown}
 v - 9 scrolls of identify {unknown}
 w - 5 scrolls of remove curse {unknown}
 z - a scroll of amnesia {unknown}
 B - 2 scrolls of fog {unknown}
 F - 2 scrolls of teleportation {unknown}
 H - a scroll of random uselessness {unknown}
 K - 2 scrolls of enchant armour {unknown}
Potions
 f - a potion of brilliance {unknown}
 h - 5 potions of curing {unknown}
 i - a potion of might {unknown}
 n - 4 potions of heal wounds {unknown}
 o - 2 potions of lignification {unknown}
 C - 3 potions of haste {unknown}
 D - 3 potions of berserk rage {unknown}
 E - 2 potions of magic {unknown}
 G - a potion of mutation {unknown}
 I - a potion of attraction {unknown}


   Skills:
 + Level 3.8 Fighting
 * Level 7.0 Short Blades
 - Level 1.7 Throwing
 + Level 3.0 Dodging
 + Level 8.4 Stealth
 + Level 3.2 Shields
 + Level 4.3 Invocations


You had 8 spell levels left.
You didn't know any spells.
Your spell library contained the following spells:

 Spells                   Type           Power        Failure   Level
 Freeze                   Ice            0%           85%         1


Dungeon Overview and Level Annotations

Branches:
Dungeon (7/15)             Temple (0/1) D:4

Altars:
Gozag
Hepliaklqana
Kikubaaqudgha
Okawaru
Ru
Sif Muna
Trog
Uskayaw

Annotations:
D:5 1 runed translucent door, Crazy Yiuf


Innate Abilities, Weirdness & Mutations

You have razor-sharp teeth.
Your natural rate of healing is unusually fast.
When hurt, damage is shared between your health and your magic reserves.
Your bite disrupts and absorbs the magic of your enemies.
Potions cannot restore your health.


Message History

The orc warrior is heavily wounded.
You block the ufetubus's attack. The ufetubus hits you.
You block the kobold's attack. You block the big kobold's attack.
The orc warrior closely misses you.
You take 2 damage, and have 43/45 hp.
You barely miss the orc warrior. You bite the orc warrior. You drain its power.
The orc warrior is heavily wounded.
You block the ufetubus's attack. x2; The kobold closely misses you.
You block the big kobold's attack.
You barely miss the orc warrior.
You bite the orc warrior, but do no damage.
The orc warrior is heavily wounded.
The ufetubus hits you but does no damage.
You block the ufetubus's attack.
The orc warrior hits you with a +0 scimitar!
An orc comes into view. It is wielding a +0 short sword.
You block the kobold's attack.
You take 9 damage, and have 34/45 hp.
You now have 10/13 mp.
The orc shouts!
You hit the orc warrior but do no damage.
The orc warrior is heavily wounded.
The ufetubus hits you but does no damage.
You block the ufetubus's attack. You block the big kobold's attack.
The orc warrior hits you with a +0 scimitar!
You take 12 damage, and have 22/45 hp.
MASSIVE DAMAGE!!
You now have 7/13 mp.
You are too injured to fight recklessly!
You are too injured to fight recklessly!
You are too injured to fight recklessly!
You are too injured to fight recklessly!
You are too injured to fight recklessly!
You are too injured to fight recklessly!
You are too injured to fight recklessly!
You are too injured to fight recklessly!
You are too injured to fight recklessly!
You are too injured to fight recklessly!
You are too injured to fight recklessly!
You are too injured to fight recklessly!
You are too injured to fight recklessly!
You are too injured to fight recklessly!
You are too injured to fight recklessly!
You are too injured to fight recklessly!
You are too injured to fight recklessly!
You are too injured to fight recklessly!
Okay, then.
Throw: 2 darts (curare)
Press: ? - help, Q - select action, (/) - cycle Shift-Dir - straight line, f - orc warrior
Aim: an orc warrior, wielding a +0 scimitar and wearing a +0 chain mail (heavily wounded)
You throw a curare-tipped dart.
The curare-tipped dart closely misses the orc warrior.
The curare-tipped dart hits the orc.
The orc is poisoned.
The orc convulses.
You kill the orc!
You block the ufetubus's attack. The ufetubus closely misses you.
You block the kobold's attack.
The big kobold hits you with a +0 dagger.
* * * LOW HITPOINT WARNING * * *
The ufetubus hits you but does no damage.
The ufetubus barely misses you.
You take 3 damage, and have 19/45 hp.
You now have 5/13 mp.
Throw: dart (curare)
Press: ? - help, Q - select action, (/) - cycle Shift-Dir - straight line, f/p - orc warrior
Aim: an orc warrior, wielding a +0 scimitar and wearing a +0 chain mail (heavily wounded)
You throw a curare-tipped dart.
The curare-tipped dart hits the orc warrior.
The orc warrior is poisoned.
The orc warrior convulses.
The orc warrior seems to slow down.
The orc warrior is severely wounded.
You block the ufetubus's attack. x2; The kobold hits you but does no damage.
The orc warrior hits you with a +0 scimitar.
* * * LOW HITPOINT WARNING * * *
The big kobold hits you with a +0 dagger!
* * * LOW HITPOINT WARNING * * *
You take 10 damage, and have 9/45 hp.
MASSIVE DAMAGE!!
You now have 3/13 mp.
You hit the orc warrior but do no damage.
Your bite misses the orc warrior.
The orc warrior is severely wounded.
The ufetubus closely misses you.
The ufetubus hits you but does no damage.
The kobold hits you but does no damage. You block the big kobold's attack.
You closely miss the orc warrior. Your bite misses the orc warrior.
The orc warrior is severely wounded.
The ufetubus barely misses you. The ufetubus closely misses you.
You block the orc warrior's attack. The kobold closely misses you.
The ufetubus hits you.
* * * LOW HITPOINT WARNING * * *
You block the ufetubus's attack.
You take 3 damage, and have 7/45 hp.
You now have 2/13 mp.
You closely miss the orc warrior.
You bite the orc warrior, but do no damage.
The orc warrior is severely wounded.
You block the big kobold's attack. You block the ufetubus's attack. x2
The kobold completely misses you.
Unknown command.
You hit the orc warrior.
The orc warrior is almost dead.
An iguana comes into view.
The big kobold hits you with a +0 dagger.
* * * LOW HITPOINT WARNING * * *
The ufetubus misses you. You block the ufetubus's attack.
The orc warrior hits you with a +0 scimitar!!
You die...

█<█.█ █.█.█ ..
█ █.█.██ (.█
█.█.?..██...█
██.█.....█...
█............
.██..█..K..████
.......K5K██
.....███@██
███..


█o█ █. █o█ █. █F█ █ol █.█ █.█ █.. You could see an orc warrior (very poisoned,
slow), a big kobold, a bullfrog, an iguana, 2 orcs, an ufetubus and 2 kobolds.

Vanquished Creatures
  Pikel (D:6)
  Eustachio (D:5)
  Duvessa (D:5)
  A lemure (D:6)
  6 ogres
  Dowan (D:5)
  4 scorpions
  2 howler monkeys
  A hound (D:4)
  A jelly (D:5)
  An orc priest (D:3)
  3 orc wizards
  Jessica (D:2)
  2 iguanas (D:5)
  7 worker ants
  A hound skeleton (D:7)
  Robin (D:3)
  A gnoll (D:2)
  6 adders
  A shadow imp (D:6)
  An ufetubus (D:6)
  An ooze (D:1)
  An adder zombie (D:5)
  2 worms (D:2)
  3 leopard geckos
  23 orcs
  7 bats
  5 giant cockroaches
  13 goblins
  10 hobgoblins
  8 jackals
  2 quokkas
  5 ball pythons
  3 frilled lizards
  A jackal zombie (D:5)
  9 kobolds
  A leopard gecko zombie (D:6)
  5 rats
143 creatures vanquished.

Notes
Turn   | Place    | Note
-------+----------+-------------------------------------------
     0 | D:1      | Goblin1989 the Vine Stalker Brigand began the quest for the
                  | Orb.
     0 | D:1      | Reached XP level 1. HP: 11/11 MP: 2/2
   188 | D:1      | Reached skill level 5 in Stealth
   213 | D:1      | Reached XP level 2. HP: 15/15 MP: 3/3
   809 | D:2      | Reached XP level 3. HP: 15/18 MP: 4/4
  1069 | D:2      | Found a bloodstained altar of Trog.
  1128 | D:2      | Found a shimmering blue altar of Sif Muna.
  1128 | D:2      | Noticed Jessica
  1133 | D:2      | Killed Jessica
  1134 | D:2      | Gained mutation: Your natural rate of healing is unusually
                  | fast. [Vine Stalker growth]
  1134 | D:2      | Reached XP level 4. HP: 20/23 MP: 3/5
  1155 | D:2      | Identified Sif Muna's Disquisition on the Glacier
  1893 | D:3      | Found an opulent altar of Gozag.
  1893 | D:3      | Found a hide-covered altar of Uskayaw.
  1921 | D:3      | Became a worshipper of Uskayaw the Reveller
  1949 | D:3      | Reached * piety under Uskayaw
  1954 | D:3      | Reached ** piety under Uskayaw
  1957 | D:3      | Reached skill level 6 in Stealth
  1957 | D:3      | Reached XP level 5. HP: 12/26 MP: 4/6
  2098 | D:3      | Noticed Robin
  2390 | D:3      | Killed Robin
  2391 | D:3      | Reached skill level 1 in Invocations
  2453 | D:4      | Reached *** piety under Uskayaw
  2454 | D:4      | Reached XP level 6. HP: 30/30 MP: 6/8
  2677 | D:4      | Found a staircase to the Ecumenical Temple.
  2740 | D:4      | Reached skill level 5 in Short Blades
  2740 | D:4      | Reached skill level 1 in Dodging
  2740 | D:4      | Reached XP level 7. HP: 9/34 MP: 3/9
  2899 | D:4      | Reached skill level 7 in Stealth
  2899 | D:4      | Reached skill level 1 in Shields
  3188 | D:4      | Found an ancient bone altar of Kikubaaqudgha.
  3188 | D:4      | Noticed a human
  3252 | D:5      | Entered Level 5 of the Dungeon
  3274 | D:5      | Gained mutation: You have razor-sharp teeth. [Vine Stalker
                  | growth]
  3274 | D:5      | Reached XP level 8. HP: 39/39 MP: 11/11
  3298 | D:5      | Found an ancient bone altar of Kikubaaqudgha.
  3313 | D:5      | Noticed Dowan
  3319 | D:5      | Noticed Duvessa
  3493 | D:5      | Killed Duvessa
  3504 | D:5      | Killed Dowan
  3510 | D:5      | Reached **** piety under Uskayaw
  3755 | D:5      | Noticed Eustachio
  3915 | D:5      | Found a runed translucent door.
  3916 | D:5      | Noticed Crazy Yiuf
  3941 | D:5      | Found a sacrificial altar of Ru.
  4101 | D:5      | Killed Eustachio
  4102 | D:5      | Reached skill level 8 in Stealth
  4146 | D:5      | Found an iron altar of Okawaru.
  4506 | D:6      | Noticed Pikel
  4568 | D:6      | Killed Pikel
  4569 | D:6      | Reached XP level 9. HP: 21/45 MP: 4/13
  4906 | D:6      | Found a hazy altar of Hepliaklqana.
  5025 | D:7      | Mangled by an orc warrior

Illustrated notes

Levels and vault maps discovered:
D:1:      co_arrival_square_in_a_square_in_a_square, layout_rooms,
          kennysheep_flooded_box
D:2:      layout_loops_ring, nzn_overflow_gifts_of_might_and_magic, st_stairs_9
D:3:      layout_loops_ring, gammafunk_temple_overflow_wave, uniq_robin,
          uniq_jessica
D:4:      layout_basic, temple_pool_b, tgw_kikubaaqudgha
D:5:      layout_gridville, kennysheep_okawaru_gauntlet,
          nicolae_ru_sacrificial_ziggurat, lemuel_round_altar, uniq_duvessa,
          uniq_crazy_yiuf_cottage, uniq_eustachio
D:6:      layout_loops_ring, nzn_hepliaklqana_mist_gate, uniq_pikel
D:7:      layout_loops_ring, grunt_temple_overflow_open, minmay_circle_x

Skill      XL: |  1  2  3  4  5  6  7  8 |
---------------+-------------------------+-----
Short Blades   | 2 3 4 5 7 |  7.0
Stealth        | 5 6 7 8 |  8.4
Invocations    | 1 2 4 |  4.3
Dodging        | 1 3 |  3.0
Fighting       | 2 3 |  3.8
Shields        | 1 3 |  3.2
Throwing       | |  1.7

Action                   |  1- 3 |  4- 6 |  7- 9 || total
-------------------------+-------+-------+-------++-------
Melee: Dagger            |    84 |   193 |   307 ||   584
       Bite              |    20 |    64 |   105 ||   189
Throw: Dart              |       |     4 |    23 ||    27
       Javelin           |       |       |     4 ||     4
 Stab: Sleeping          |     2 |    10 |    13 ||    25
       Paralysed         |       |       |     6 ||     6
       Distracted        |       |       |     1 ||     1
Armor: Robe              |    30 |    55 |    40 ||   125
Dodge: Dodged            |    41 |    88 |    76 ||   205
Block: Kite shield       |       |     1 |   171 ||   172
       Reflection        |       |       |     1 ||     1

Table legend: (Time is in decaauts)
 A = Elapsed time spent in this place.
 B = Non-inter-level travel time spent in this place.
 C = Inter-level travel time spent in this place.
 D = Time resting spent in this place.
 E = Time spent auto-exploring this place.
 F = Levels seen in this place.
 G = Mean time per level.
                   A        B        C        D        E       F      G
               +--------+--------+--------+--------+--------+-----+--------+
         Total |   4917 |   4785 |    132 |    197 |   3360 |   7 |  702.4 |
       Dungeon |   4917 |   4785 |    132 |    197 |   3360 |   7 |  702.4 |
               +--------+--------+--------+--------+--------+-----+--------+

Top non-repeatable levels by time:
     D:2: 917 daAuts
     D:5: 881 daAuts
     D:6: 812 daAuts
     D:4: 791 daAuts
     D:3: 742 daAuts
     D:1: 741 daAuts
     D:7: 29 daAuts
